 Dungeon Crawl Stone Soup version 0.29-a0-459-g97dee8cd24 (console) character file.

Game seed: 2463368601985538169

324351 jejorda2 the Phalangite (level 21, 0/180 HPs)
             Began as a Merfolk Fighter on May 20, 2022.
             Was a High Priest of Okawaru.
             Slain by the Royal Jelly (29 damage)
             ... in the Arena on May 21, 2022.
             The game lasted 02:45:28 (36998 turns).

jejorda2 the Phalangite (Merfolk Fighter)          Turns: 36998, Time: 02:45:29

Health: 0/180      AC: 49    Str: 21    XL:     21   Next: 59%
Magic:  34/46      EV: 11    Int:  7    God:    Okawaru [*****.]
Gold:   1554       SH:  0    Dex: 12    Spells: 20/20 levels left

rFire   + + .      SeeInvis +   a - +6 bardiche {vorpal, rC+++ rCorr Int-2 SInv}
rCold   + + +      Faith    .   (shield currently unavailable)
rNeg    . . .      Spirit   .   f - +8 crystal plate armour of Okawaru's Pride {Will+}
rPois   +          Reflect  .   A - +2 helmet of Polish {-Tele rElec rCorr SInv}
rElec   +          Harm     .   Z - +2 cloak {Will+}
rCorr   +          Rampage  .   Y - +2 pair of gloves {hurl}
Will    ++++.      NoTele   +   w - +0 pair of boots of Trumpets {Fly Slay+5}
Stlth   ..........              d - amulet of Tinulew {Will+ Regen+ MP+9}
HPRegen 1.20/turn               y - ring of poison resistance
MPRegen 0.30/turn               r - ring "Eduonk" {Fly rF++ rCorr MP+9}

@: heroic, finesse-ful, flying, hasted, studying Maces & Flails, duelling, very
quick
A: (nimble swimmer 2), mertail, clumsy 1, weak 2
}: 2/15 runes: serpentine, barnacled
a: Renounce Religion, Heroism, Finesse, Duel


You were in the Arena.
You worshipped Okawaru.
Okawaru was extremely pleased with you.
You visited 8 branches of the dungeon, and saw 40 of its levels.
You also visited: Ice Cave.

You collected 4308 gold pieces.
You spent 2754 gold pieces at shops.

Inventory:

Hand Weapons
 a - the +6 bardiche of Gluttony (weapon) {vorpal, rC+++ rCorr Int-2 SInv}
   (You acquired it on level 11 of the Dungeon)

   It inflicts extra damage upon your enemies.
   Int:       It affects your intelligence (-2).
   rC:        It renders you almost immune to cold.
   SInv:      It lets you see invisible.
   rCorr:     It protects you from acid and corrosion.
 b - the +8 trishula "Barbs of Condemnation" {anguish *Noise Fly rN+}
   (You found it on level 9 of the Dungeon)

   It inflicts anguish, making its victims' attacks reflect back on them.
   rN:        It protects you from negative energy.
   Fly:       It grants you flight.
   *Noise:    It may make noises in combat.
Missiles
 h - 937 stones
 s - 3 boomerangs of dispersal
 v - 12 atropa-tipped darts
 E - 26 silver javelins (quivered)
 F - 37 poisoned darts
 G - 5 curare-tipped darts
 I - 4 throwing nets
 K - 30 javelins
 R - 49 boomerangs
 X - 8 silver boomerangs
Armour
 f - the +8 crystal plate armour of Okawaru's Pride (worn) {Will+}
   (Okawaru gifted it to you on level 6 of the Lair of Beasts)

   Will:      It increases your willpower.
 w - the +0 pair of boots of Trumpets (worn) {Fly Slay+5}
   (Okawaru gifted it to you on level 1 of the Elven Halls)

   Slay:      It affects your accuracy & damage with ranged weapons and melee
   (+5).
   Fly:       It grants you flight.
 A - the +2 helmet of Polish (worn) {-Tele rElec rCorr SInv}
   (You found it on level 7 of the Dungeon)

   rElec:     It insulates you from electricity.
   SInv:      It lets you see invisible.
   -Tele:     It prevents most forms of teleportation.
   rCorr:     It protects you from acid and corrosion.
 Y - a +2 pair of gloves of hurling (worn)
 Z - a +2 cloak of willpower (worn)
Jewellery
 d - the amulet of Tinulew (around neck) {Will+ Regen+ MP+9}
   (You took it off a merfolk on level 4 of the Shoals)

   [amulet of regeneration]

   MP:        It affects your magic capacity (+9).
   Regen:     It increases your rate of health regeneration.
   Will:      It increases your willpower.
 j - the ring of Surprise {rC+ rN+ EV+4 Int+8 Stlth+}
   (You found it on level 3 of the Elven Halls)

   [ring of evasion]

   EV:        It affects your evasion (+4).
   Int:       It affects your intelligence (+8).
   rC:        It protects you from cold.
   rN:        It protects you from negative energy.
   Stlth:     It makes you more stealthy.
 r - the ring "Eduonk" (right hand) {Fly rF++ rCorr MP+9}
   (You bought it in a shop on level 1 of the Shoals)

   [ring of flight]

   rF:        It greatly protects you from fire.
   MP:        It affects your magic capacity (+9).
   Fly:       It grants you flight.
   rCorr:     It protects you from acid and corrosion.
 t - a ring of fire
 y - a ring of poison resistance (left hand)
Wands
 e - a wand of acid (20)
 l - a wand of mindburst (15)
 o - a wand of polymorph (12)
 x - a wand of iceblast (40)
 Q - a wand of digging (22)
 S - a wand of flame (14)
 T - a wand of paralysis (6)
Scrolls
 g - 5 scrolls of fear
 i - 7 scrolls of magic mapping
 n - 2 scrolls of brand weapon
 p - 8 scrolls of teleportation
 C - 2 scrolls of blinking
 H - a scroll of silence
 J - 2 scrolls of poison
 M - 5 scrolls of fog
 O - a scroll of enchant armour
Potions
 k - 6 potions of invisibility
 m - 4 potions of haste
 q - 2 potions of heal wounds
 u - 9 potions of attraction
 z - 12 potions of mutation
 B - a potion of berserk rage
 D - 8 potions of resistance
 L - 7 potions of curing
 N - 3 potions of lignification
Miscellaneous
 c - a lightning rod (4/4)
 P - a phial of floods
 U - a tin of tremorstones (2/2)
 W - a condenser vane


   Skills:
 + Level 19.3(24.3) Fighting
 - Level 24.0(27) Polearms
 - Level 16.0(21.0) Throwing
 * Level 16.3(21.3) Armour
 + Level 14.3(19.3) Dodging
 - Level 3.0(8.0) Stealth
 - Level 3.0(8.0) Shields
 - Level 10.0 Invocations
 - Level 9.0 Evocations


You had 20 spell levels left.
You didn't know any spells.
Your spell library contained the following spells:

 Spells                   Type           Power      Damage    Failure   Level
 Apportation              Tloc           0%         N/A       100%        1
 Beastly Appendage        Tmut           0%         N/A       100%        1
 Foxfire                  Conj/Fire      0%         2x1d4     100%        1
 Necrotize                Necr           0%         1d4       100%        1
 Sandblast                Erth           0%         2d4       100%        1
 Shock                    Conj/Air       0%         1d3       100%        1
 Sting                    Tmut/Pois      0%         1d3       100%        1
 Passwall                 Tmut/Erth      0%         N/A       100%        2
 Poisonous Vapours        Pois/Air       0%         N/A       100%        2
 Wereblood                Tmut           0%         N/A       100%        2
 Conjure Flame            Conj/Fire      0%         6-21      100%        3
 Ignite Poison            Fire/Tmut/Pois 0%         N/A       100%        3
 Mephitic Cloud           Conj/Pois/Air  0%         N/A       100%        3
 Ozocubu's Armour         Ice            0%         N/A       100%        3
 Spider Form              Tmut/Pois      0%         N/A       100%        3
 Stone Arrow              Conj/Erth      0%         3d7       100%        3
 Swiftness                Air            0%         N/A       100%        3
 Airstrike                Air            0%         N/A       100%        4
 Corpse Rot               Necr/Pois/Air  0%         N/A       100%        4
 Hailstorm                Conj/Ice       0%         3d3       100%        4
 Iskenderun's Mystic Bla  Conj/Tloc      0%         2d3       100%        4
 Leda's Liquefaction      Hex/Erth       0%         N/A       100%        4
 Olgreb's Toxic Radiance  Pois           0%         N/A       100%        4
 Passage of Golubria      Tloc           0%         N/A       100%        4
 Petrify                  Tmut/Erth      0%         N/A       100%        4
 Sticky Flame             Conj/Fire      0%         2d3       100%        4
 Alistair's Intoxication  Tmut/Pois      0%         N/A       100%        5
 Borgnjor's Vile Clutch   Necr/Erth      0%         N/A       100%        5
 Lee's Rapid Deconstruct  Erth           0%         3d5*      100%        5
 Metabolic Englaciation   Hex/Ice        0%         N/A       100%        5
 Yara's Violent Unravell  Hex/Tmut       0%         3d3       100%        5
 Dispersal                Tloc           0%         N/A       100%        6
 Eringya's Noxious Bog    Tmut/Pois      0%         N/A       100%        6
 Starburst                Conj/Fire      0%         6d3       100%        6
 Statue Form              Tmut/Erth      0%         N/A       100%        6
 Disjunction              Tloc           0%         N/A       100%        8
 Lehudib's Crystal Spear  Conj/Erth      0%         10d2      100%        8
 Summon Small Mammal      Summ           Unusable   N/A       N/A         1
 Tukima's Dance           Hex            Unusable   N/A       N/A         3
 Animate Armour           Summ/Erth      Unusable   N/A       N/A         4
 Summon Lightning Spire   Summ/Air       Unusable   N/A       N/A         4
 Simulacrum               Ice/Necr       Unusable   N/A       N/A         6

Dungeon Overview and Level Annotations

Branches:
Dungeon (15/15)            Temple (1/1) D:7            Lair (6/6) D:9
 Shoals (4/4) Lair:2        Snake (4/4) Lair:3        Slime (5/5) Lair:6
    Orc (2/2) D:10            Elf (3/3) Orc:2        Vaults (0/5) D:14
 Depths (0/4) D:15          IceCv (visited)

Altars:
Ashenzari
Cheibriados
Dithmenos
Elyvilon
Fedhas
Gozag
Hepliaklqana
Kikubaaqudgha
Makhleb
Nemelex Xobeh
Okawaru
Qazlal
Ru
Sif Muna
Trog
Uskayaw
Vehumet
Wu Jian
Xom
Yredelemnul
Zin
The Shining One
Jiyva

Shops:
D:3 [   D:6 !   D:12 *   D:15 :   Orc:1 (   Orc:2 ![([(   Shoals:1 =
Shoals:3 :   Snake:3 [=

Annotations:
D:13 2 transporters
Elf:2 1 runed translucent door, Pooter's ghost, adept MiBe Arena Royal Jelly


Innate Abilities, Weirdness & Mutations

((You are very nimble when in or above water. (Stealth+, EV+, Speed+++)))
Your lower body shifts to a powerful aquatic tail in water.
You are clumsy. (Dex -2)
You are very weak. (Str -4)


Message History

The silver javelin pierces through the rockslime!!!
The silver sears the rockslime!
You kill the rockslime!
That felt strangely unrewarding.
The silver javelin pierces through the Royal Jelly!!
The silver sears the Royal Jelly!
The Royal Jelly is severely wounded.
The Royal Jelly shudders alarmingly.
The Royal Jelly spits out five more jellies.
Aiming: Duel (14% risk of failure)
Press: ? - help, Dir - move target, f/p - Royal Jelly
Aim: the Royal Jelly (severely wounded)
You fail to use your ability.
The acid blob hits you.
* * * LOW HITPOINT WARNING * * *
You are splashed with acid.
You resist.
* * * LOW HITPOINT WARNING * * *
Aiming: Duel (14% risk of failure)
Press: ? - help, Dir - move target, f/p - Royal Jelly
Aim: the Royal Jelly (severely wounded)
You fail to use your ability.
The quicksilver ooze hits you. The quicksilver ooze engulfs you!
The quicksilver ooze hits you but does no damage.
Unknown command.
Aiming: Duel (14% risk of failure)
Press: ? - help, Dir - move target, f/p - Royal Jelly
Aim: the Royal Jelly (severely wounded)
You enter into single combat with the Royal Jelly!
The world spins around you as you enter the gateway.
You enter Okawaru's Arena!
The ooze engulfing you falls away.
The spectator shouts! x9
The Royal Jelly hits you!
* * * LOW HITPOINT WARNING * * *
You are splashed with acid.
You resist.
* * * LOW HITPOINT WARNING * * *
The Royal Jelly hits you but does no damage.
Found a gate leading back out of this place.
There is an empty arch of ancient stone, spattered with blood here.
You feel much better. The Royal Jelly hits you!!
You die...
Okawaru crowns the Royal Jelly victorious!

###########
#.p.#∩#.p.# ##
######### ##
#.# ....... #.#
#p#.#.....#.#p#
#.#.........#.#
###.........###
#p#....@J...#p#
###.........###
#.#.........#.#
#p#.#.....#.#p#
#.# ....... #.#
## ######### ##
#.p.#p#.p.#
###########


You could see the Royal Jelly.

Vanquished Creatures
  Dissolution (Slime:4)
  Rupert (D:15)
  Asterion (Snake:4)
  A titan (Arena)
  2 deep elf master archers (Elf:3)
  2 deep elf blademasters (Elf:3)
  12 acid blobs
  3 krakens
  Frances (Arena)
  2 storm dragons (Elf:1)
  5 azure jellies
  Agnes (Snake:3)
  2 rockslimes
  9 nagarajas
  Louise (Shoals:1)
  A frost giant (Shoals:2)
  4 deep elf sorcerers
  Aizul (Shoals:1)
  2 deep elf elementalists (Elf:3)
  6 quicksilver oozes
  A stone giant (Shoals:2)
  5 deep elf demonologists (Elf:3)
  2 very ugly things
  8 deep elf annihilators
  8 merfolk javelineers
  6 deep elf death magi
  3 fire dragons
  5 deep elf high priests
  9 merfolk impalers
  A great orb of eyes (Slime:4)
  3 salamander tyrants
  3 boulder beetles
  An ice dragon (D:15)
  3 vault guards (D:14)
  A rakshasa (D:15)
  6 hydras
  4 catoblepae
  A merfolk avatar (Shoals:3)
  3 ogre magi
  11 two-headed ogres
  16 naga warriors
  30 dancing weapons
  6 merfolk aquamancers
  7 anacondas
  3 alligator snapping turtles
  4 centaur warriors
  A tengu warrior (D:15)
  11 death yaks
  9 naga sharpshooters
  2 orc high priests
  14 deep elf knights
  8 shock serpents
  A skeletal warrior (D:15)
  A death drake (shapeshifter) (D:15)
  9 salamander mystics
  2 deep trolls
  A swamp dragon (Lair:4)
  17 deep elf archers
  A wizard (D:14)
  24 sea snakes
  A glowing orange brain (Slime:5)
  3 orange crystal statues (IceCv)
  5 naga ritualists
  4 orc knights
  20 harpies
  2 necromancers (D:14)
  An oklob plant (Lair:6)
  4 orc sorcerers
  A shining eye (Slime:5)
  30 deep elf pyromancers
  10 mana vipers
  23 ugly things
  25 deep elf zephyrmancers
  22 salamanders
  15 manticores
  9 fauns (Shoals:2)
  7 elephants
  17 cyclopes
  7 merfolk sirens
  4 eyes of devastation
  10 water nymphs
  23 black mambas
  Joseph (D:9)
  20 naga magi
  4 guardian serpents
  7 cane toads
  A gargoyle (D:14)
  A guardian serpent (shapeshifter) (D:15)
  Maggie (D:7)
  An unseen horror (D:11)
  2 freezing wraiths (Elf:1)
  2 kobold demonologists (D:13)
  2 rime drakes
  5 komodo dragons
  2 yaktaurs
  An efreet (D:10)
  6 entropy weaver simulacra (IceCv)
  3 tengu conjurers
  9 wind drakes
  11 trolls
  24 merfolk
  A very ugly thing simulacrum (IceCv)
  2 meliai (D:15)
  2 polar bears
  64 slime creatures
  Prince Ribbit (D:5)
  7 snapping turtles
  Grinder (D:6)
  6 dream sheep
  10 blink frogs
  A centaur simulacrum (D:14)
  24 water elementals
  15 air elementals
  4 shadows
  2 wraiths (D:12)
  43 yaks
  A spriggan (Lair:5)
  6 wyverns
  A yak (shapeshifter) (D:15)
  5 basilisks
  A golden eye (shapeshifter) (D:15)
  2 fire elementals
  A human (shapeshifter) (Elf:3)
  10 golden eyes
  17 humans (D:14)
  3 steam dragons
  5 vampire mosquitoes
  63 nagas
  3 wargs (Orc:2)
  2 two-headed ogre zombies (D:10)
  7 water moccasins
  7 acid dragons
  3 demonic crawler simulacra (IceCv)
  A floating eye (Slime:5)
  15 orc warriors
  An ice beast (D:7)
  A swamp drake (Lair:4)
  2 ugly thing simulacra (IceCv)
  6 black bears
  17 ogres
  10 centaurs
  21 wolves
  2 phantoms (D:10)
  2 kobold brigands
  4 bullfrogs
  2 gnoll sergeants (D:7)
  3 scorpions
  An earth elemental (Elf:2)
  4 wights (D:7)
  3 troll zombies (D:10)
  10 killer bees
  6 howler monkeys
  2 hounds
  2 lava snakes (Snake:4)
  A jelly (D:7)
  17 orc priests
  A gnoll shaman (D:7)
  4 iguanas
  20 orc wizards
  3 hell rats (D:9)
  3 ogre zombies (D:10)
  Robin (D:2)
  11 gnolls (D:7)
  5 adders
  3 river rats (D:9)
  2 white imps
  4 worms
  3 dart slugs
  71 orcs
  2 bats
  4 endoplasms
  3 giant cockroaches (D:3)
  14 goblins
  8 hobgoblins
  3 jackals (D:5)
  3 quokkas
  2 ball pythons (D:1)
  4 frilled lizards
  A goblin skeleton (D:10)
  5 goblin zombies (D:10)
  2 hobgoblin skeletons (D:10)
  A hobgoblin zombie (D:10)
  16 kobolds
  An orc skeleton (D:10)
  15 orc zombies (D:10)
  2 rats
  9 tentacles
1334 creatures vanquished.

Vanquished Creatures (others)
  A deep elf elementalist (Elf:3)
  A merfolk impaler (Shoals:2)
  A hydra (Lair:6)
  A two-headed ogre (Orc:2)
  2 death yaks
  A glowing orange brain (D:15)
  A deep elf zephyrmancer (Elf:1)
  A cane toad (Lair:6)
  2 komodo dragons
  3 trolls
  3 blink frogs
  3 yaks
  A vampire mosquito (Lair:4)
  A demonic crawler simulacrum (IceCv)
  An orc warrior (Orc:1)
  A wolf (Lair:2)
  A hobgoblin (D:3)
  22 fungi
  116 plants
  40 tentacles
  3 toadstools (D:3)
206 creatures vanquished.

Grand Total: 1540 creatures vanquished

Notes
Turn   | Place    | Note
-------+----------+-------------------------------------------
     0 | D:1      | jejorda2 the Merfolk Fighter began the quest for the Orb.
     0 | D:1      | Reached XP level 1. HP: 18/18 MP: 1/1
   193 | D:1      | Reached skill level 3 in Polearms
   252 | D:1      | Reached XP level 2. HP: 23/24 MP: 2/2
   988 | D:2      | Reached XP level 3. HP: 29/29 MP: 3/3
  1112 | D:2      | Noticed Robin
  1131 | D:2      | Killed Robin
  1132 | D:2      | Reached skill level 4 in Polearms
  1639 | D:2      | Reached XP level 4. HP: 37/37 MP: 4/4
  1833 | D:3      | Reached skill level 1 in Throwing
  2144 | D:3      | Found a faded altar of an unknown god.
  2183 | D:3      | Found Keosycol's Armour Boutique.
  2284 | D:3      | Found a hazy altar of Hepliaklqana.
  2397 | D:3      | Found a shadowy altar of Dithmenos.
  2398 | D:3      | Found a glowing golden altar of the Shining One.
  2497 | D:3      | Found a white marble altar of Elyvilon.
  2601 | D:3      | Reached skill level 5 in Polearms
  2601 | D:3      | Reached XP level 5. HP: 42/42 MP: 5/5
  2894 | D:4      | Reached XP level 6. HP: 46/48 MP: 6/6
  2916 | D:4      | Noticed a black bear
  2926 | D:4      | Killed a black bear
  2927 | D:4      | Reached skill level 6 in Polearms
  3165 | D:4      | Reached XP level 7. HP: 48/55 MP: 7/7
  3353 | D:5      | Entered Level 5 of the Dungeon
  3478 | D:5      | Reached skill level 5 in Fighting
  3478 | D:5      | Reached skill level 7 in Polearms
  3634 | D:5      | Noticed Prince Ribbit
  3702 | D:5      | Killed Prince Ribbit
  3703 | D:5      | Reached skill level 8 in Polearms
  3703 | D:5      | Reached XP level 8. HP: 13/63 MP: 8/8
  4229 | D:6      | Found Fisicotu's Distillery.
  4232 | D:6      | Bought a potion of flight for 39 gold pieces
  4232 | D:6      | Bought a potion of resistance for 130 gold pieces
  4249 | D:6      | Reached skill level 12 in Polearms
  4249 | D:6      | Reached XP level 9. HP: 68/68 MP: 9/9
  4261 | D:6      | Noticed Grinder
  4268 | D:6      | Killed Grinder
  4269 | D:6      | Reached skill level 13 in Polearms
  4289 | D:6      | Found an opulent altar of Gozag.
  4836 | D:7      | Found a broken altar of Ashenzari.
  4868 | D:7      | Found a staircase to the Ecumenical Temple.
  4911 | Temple   | Entered the Ecumenical Temple
  4966 | Temple   | Became a worshipper of Warmaster Okawaru
  5004 | D:7      | Noticed Maggie
  5023 | D:7      | Killed Maggie
  5024 | D:7      | Reached skill level 1 in Invocations
  5213 | D:7      | Identified the +2 helmet of Polish {-Tele rElec rCorr SInv}
  5288 | D:7      | Reached * piety under Okawaru
  5333 | D:7      | Reached XP level 10. HP: 67/76 MP: 11/11
  5491 | D:7      | Reached skill level 14 in Polearms
  5735 | D:8      | Noticed a manticore
  5748 | D:8      | Killed a manticore
  6150 | D:8      | Reached ** piety under Okawaru
  6331 | D:9      | Noticed a death yak
  6336 | D:9      | Noticed a death yak
  6346 | D:9      | Killed a death yak
  6347 | D:9      | Noticed a death yak
  6350 | D:9      | Killed a death yak
  6350 | D:9      | Reached *** piety under Okawaru
  6380 | D:9      | Killed a death yak
  6381 | D:9      | Reached skill level 15 in Polearms
  6397 | D:9      | Reached XP level 11. HP: 25/81 MP: 14/14
  6411 | D:9      | Found the +8 trishula "Barbs of Condemnation" {anguish
                  | *Noise Fly rN+}
  6562 | D:9      | Noticed Joseph
  6577 | D:9      | Killed Joseph
  6624 | D:9      | Found a staircase to the Lair.
  6637 | D:9      | Reached **** piety under Okawaru
  6672 | D:9      | Reached skill level 5 in Invocations
  7032 | Lair:1   | Entered Level 1 of the Lair of Beasts
  7251 | Lair:1   | Reached skill level 1 in Dodging
  7275 | Lair:1   | Reached skill level 16 in Polearms
  7582 | Lair:1   | Received a gift from Okawaru
  8132 | Lair:2   | Received a gift from Okawaru
  8165 | Lair:2   | Reached ***** piety under Okawaru
  8200 | Lair:2   | Received a gift from Okawaru
  8240 | Lair:2   | Reached XP level 12. HP: 88/88 MP: 16/16
  8367 | Lair:2   | Reached skill level 5 in Dodging
  8477 | Lair:2   | Received a gift from Okawaru
  8545 | Lair:2   | Noticed a death yak
  8548 | Lair:2   | Noticed a death yak
  8548 | Lair:2   | Noticed a death yak
  8555 | Lair:2   | Killed a death yak
  8555 | Lair:2   | Identified the +9 great mace "Jellybane" {vorpal, Str+3}
                  | (Okawaru gifted it to you on level 2 of the Lair of Beasts)
  8555 | Lair:2   | Received a gift from Okawaru
  8561 | Lair:2   | Killed a death yak
  8569 | Lair:2   | Killed a death yak
  8570 | Lair:2   | Reached skill level 17 in Polearms
  8654 | Lair:2   | Identified the +9 hunting sling of Premature Burial {speed,
                  | Dex+5}
  8783 | Lair:2   | Found a staircase to the Shoals.
  9073 | Lair:3   | Found a staircase to the Snake Pit.
  9083 | Lair:3   | Reached skill level 1 in Evocations
  9942 | Lair:4   | Noticed a four-headed hydra
  9952 | Lair:4   | Killed a four-headed hydra
  9952 | Lair:4   | Identified the +2 cloak "Sominoka" {rC+} (Okawaru gifted it
                  | to you on level 4 of the Lair of Beasts)
  9952 | Lair:4   | Received a gift from Okawaru
  9956 | Lair:4   | Noticed a five-headed hydra
  9958 | Lair:4   | Noticed a five-headed hydra
  9968 | Lair:4   | Killed a five-headed hydra
  9969 | Lair:4   | Reached skill level 18 in Polearms
  9969 | Lair:4   | Killed a five-headed hydra
  9970 | Lair:4   | Reached XP level 13. HP: 59/93 MP: 12/18
 11174 | Lair:5   | Reached skill level 5 in Evocations
 11764 | Lair:6   | Entered Level 6 of the Lair of Beasts
 11867 | Lair:6   | Found a sacrificial altar of Ru.
 11911 | Lair:6   | Reached skill level 10 in Armour
 12146 | Lair:6   | Found a staircase to the Slime Pits.
 12199 | Lair:6   | Received a gift from Okawaru
 12219 | Lair:6   | Reached skill level 19 in Polearms
 12619 | Lair:6   | Reached ****** piety under Okawaru
 12674 | Lair:6   | Identified the +8 crystal plate armour of Okawaru's Pride
                  | {Will+} (Okawaru gifted it to you on level 6 of the Lair of
                  | Beasts)
 12674 | Lair:6   | Received a gift from Okawaru
 12708 | Lair:6   | Reached XP level 14. HP: 49/100 MP: 12/19
 12930 | Lair:6   | Reached skill level 20 in Polearms
 13346 | D:10     | Entered Level 10 of the Dungeon
 13641 | D:10     | Found an ornate altar of the Wu Jian Council.
 13754 | D:10     | Found a staircase to the Orcish Mines.
 14320 | Orc:1    | Entered Level 1 of the Orcish Mines
 14366 | Orc:1    | Found Maosul's Weapon Shoppe.
 14456 | Orc:2    | Entered Level 2 of the Orcish Mines
 14524 | Orc:1    | Received a gift from Okawaru
 14727 | Orc:2    | Found a staircase to the Elven Halls.
 14753 | Orc:2    | Found Mafoguoh's Distillery.
 14765 | Orc:1    | Received a gift from Okawaru
 14818 | Orc:1    | Received a gift from Okawaru
 14929 | Orc:2    | Received a gift from Okawaru
 14958 | Orc:2    | Identified the +6 spear of the Queen {freeze, rF+ Dex+5}
                  | (Okawaru gifted it to you on level 2 of the Orcish Mines)
 14958 | Orc:2    | Received a gift from Okawaru
 15009 | Orc:2    | Found Meor's Antique Armour Boutique.
 15027 | Orc:2    | Found Hah Jaowk's Weapon Shoppe.
 15028 | Orc:2    | Found Zaagubap's Antique Armour Emporium.
 15140 | Orc:2    | Bought a pair of runed gloves for 150 gold pieces
 15359 | Orc:2    | Found Jamaet's Weapon Boutique.
 15476 | Orc:1    | Reached XP level 15. HP: 75/110 MP: 20/20
 16042 | D:11     | You are sucked into a shaft and drop 3 floors!
 16123 | D:13     | Identified the -4 hat of Okawaru's Generosity {rF+ Str+2
                  | Slay+2 SInv} (Okawaru gifted it to you on level 13 of the
                  | Dungeon)
 16123 | D:13     | Received a gift from Okawaru
 16954 | D:11     | Identified a scroll of acquirement
 16955 | D:11     | Acquired the +6 bardiche of Gluttony {vorpal, rC+++ rCorr
                  | Int-2 SInv}
 17561 | D:12     | Found Poegh's General Store.
 17851 | D:13     | Found a blossoming altar of Fedhas.
 17881 | D:13     | Found a transporter.
 17882 | D:13     | Found a transporter.
 17883 | D:13     | Noticed a rockslime
 17884 | D:13     | Found a viscous altar of Jiyva.
 18220 | D:14     | Got the Volume of Fire and Feathers
 18726 | D:14     | Identified the -4 cloak "Usapuy" {rCorr Str-2 Int+6 Dex+3}
 18771 | D:14     | Found a gate to the Vaults.
 19130 | D:15     | Entered Level 15 of the Dungeon
 19150 | D:15     | Identified the -5 buckler of Impressiveness {Str+7 Dex-3}
                  | (Okawaru gifted it to you on level 15 of the Dungeon)
 19150 | D:15     | Received a gift from Okawaru
 19219 | D:15     | Noticed Rupert
 19226 | D:15     | Killed Rupert
 19227 | D:15     | Reached skill level 10 in Fighting
 19254 | D:15     | Reached skill level 10 in Throwing
 19264 | D:15     | Found Zethergh's Book Emporium.
 19345 | D:15     | Reached XP level 16. HP: 71/122 MP: 16/21
 19439 | D:15     | Found the +8 frozen axe "Frostbite" {freezing cloud, *Noise
                  | Fly rC+}
 19634 | D:15     | Identified the amulet "Jiuceacs" {Reflect rPois SH+5}
 19889 | D:15     | Reached skill level 21 in Polearms
 19898 | D:15     | Found an ornate altar of the Wu Jian Council.
 20136 | D:15     | Found a staircase to the Depths.
 20482 | Shoals:1 | Entered Level 1 of the Shoals
 20482 | Shoals:1 | Noticed Aizul
 20528 | Shoals:1 | Noticed Frances
 20552 | Lair:2   | Received a gift from Okawaru
 20562 | Arena    | Entered the Arena
 20571 | Arena    | Killed Frances
 20572 | Arena    | Reached skill level 1 in Stealth
 20654 | Shoals:1 | Killed Aizul
 20723 | Shoals:1 | Found Niof Xit's One-of-a-Kind Rings.
 20723 | Shoals:1 | Noticed Louise
 20760 | Shoals:1 | Killed Louise
 20770 | Shoals:1 | Bought the ring "Eduonk" {Fly rF++ rCorr MP+9} for 864 gold
                  | pieces
 21239 | Shoals:1 | Received a gift from Okawaru
 21630 | Shoals:2 | Noticed a kraken
 21638 | Shoals:1 | Received a gift from Okawaru
 21851 | Shoals:2 | Received a gift from Okawaru
 22080 | Shoals:2 | Reached XP level 17. HP: 91/128 MP: 23/23
 22162 | Arena    | Entered the Arena
 22493 | Shoals:2 | Reached skill level 22 in Polearms
 22582 | Shoals:2 | Noticed a kraken
 22609 | Shoals:2 | Killed a kraken
 22803 | Shoals:2 | Killed a kraken
 23260 | Shoals:3 | Noticed a kraken
 23371 | Shoals:3 | Killed a kraken
 23482 | Shoals:3 | Found Zoyxaemife's Book Shoppe.
 23497 | Shoals:3 | Bought a manual of Fighting for 1120 gold pieces
 23514 | Shoals:3 | Received a gift from Okawaru
 24002 | Shoals:4 | Entered Level 4 of the Shoals
 24011 | Shoals:4 | Found a shimmering blue altar of Sif Muna.
 24202 | Shoals:4 | Paralysed by an air elemental for 1 turns
 24206 | Shoals:4 | Paralysed by an air elemental for 1 turns
 24254 | Arena    | Entered the Arena
 24335 | Shoals:4 | Reached skill level 10 in Invocations
 24485 | Shoals:4 | Paralysed by an air elemental for 1 turns
 24493 | Arena    | Entered the Arena
 24670 | Shoals:4 | Identified the amulet of Tinulew {Will+ Regen+ MP+9}
 24693 | Shoals:4 | Noticed a titan
 24697 | Arena    | Entered the Arena
 24707 | Arena    | Killed a titan
 24978 | Shoals:4 | Got a barnacled rune of Zot
 25089 | Shoals:4 | Reached skill level 23 in Polearms
 25089 | Shoals:4 | Paralysed by an air elemental for 1 turns
 25108 | Shoals:4 | Received a gift from Okawaru
 25114 | Shoals:4 | Paralysed by an air elemental for 1 turns
 25166 | Arena    | Entered the Arena
 25327 | Shoals:4 | Received a gift from Okawaru
 25442 | Shoals:4 | Paralysed by an air elemental for 1 turns
 25446 | Shoals:4 | Paralysed by an air elemental for 1 turns
 25453 | Shoals:4 | Paralysed by an air elemental for 1 turns
 25454 | Shoals:4 | Reached XP level 18. HP: 100/134 MP: 25/25
 25748 | Elf:1    | Entered Level 1 of the Elven Halls
 25750 | Elf:1    | Paralysed by an air elemental for 1 turns
 25824 | Elf:1    | Found a frozen archway.
 25834 | IceCv    | Entered an ice cave
 26124 | IceCv    | Received a gift from Okawaru
 26331 | IceCv    | HP: 6/136 [very large slime creature (29)]
 26542 | IceCv    | Identified the +1 hat of Dim Light {Slay+3} (Okawaru gifted
                  | it to you in an ice cave)
 26542 | IceCv    | Received a gift from Okawaru
 26649 | IceCv    | Found a viscous altar of Jiyva.
 26690 | IceCv    | Identified the +1 ring mail of the Hurtling Gods {rPois rC-
                  | Int+4}
 26691 | IceCv    | Identified the ring of Wonder {Fly MP+9}
 27102 | Elf:1    | Reached skill level 24 in Polearms
 27313 | Elf:1    | Got Huigid's Catalogue of Arcane Weapons
 27538 | Elf:1    | Identified the +4 leather armour "Utaguing" {Str+4}
 27738 | Elf:1    | Reached skill level 15 in Throwing
 27815 | Elf:1    | Found a runed translucent gate.
 27815 | Elf:1    | Found a runed translucent gate.
 27815 | Elf:1    | Found a runed translucent gate.
 27815 | Elf:1    | Found a runed translucent gate.
 27815 | Elf:1    | Found a runed translucent gate.
 27819 | Elf:1    | Found a runed translucent gate.
 27839 | Elf:1    | Identified the +0 pair of boots of Trumpets {Fly Slay+5}
                  | (Okawaru gifted it to you on level 1 of the Elven Halls)
 27839 | Elf:1    | Received a gift from Okawaru
 28546 | Elf:2    | Paralysed by an air elemental for 1 turns
 28574 | Elf:2    | Found a runed translucent door.
 28574 | Elf:2    | Noticed Pooter's ghost (adept MiBe)
 28649 | Elf:2    | Found a huge runed translucent gate.
 28649 | Elf:2    | Found a huge runed translucent gate.
 28650 | Elf:2    | Found a huge runed translucent gate.
 28652 | Elf:2    | Reached XP level 19. HP: 153/153 MP: 26/26
 28652 | Elf:2    | Found a huge runed translucent gate.
 28655 | Elf:2    | Found a huge runed translucent gate.
 29340 | Elf:2    | Reached skill level 15 in Fighting
 29346 | Arena    | Entered the Arena
 29387 | Elf:2    | Received a gift from Okawaru
 29784 | Elf:3    | Entered Level 3 of the Elven Halls
 29964 | Elf:3    | Paralysed by an air elemental for 1 turns
 29968 | Elf:3    | Paralysed by an air elemental for 1 turns
 30409 | Elf:3    | Received a gift from Okawaru
 30586 | Elf:3    | Received a gift from Okawaru
 30634 | Elf:3    | Received a gift from Okawaru
 30864 | Elf:3    | Identified the +0 quarterstaff of Ythiefys {vorpal, rCorr}
 31018 | Elf:3    | Noticed an Ice Fiend
 31067 | Elf:3    | Found the brooch of Shielding {Spirit SH+8}
 31112 | Elf:3    | Reached skill level 10 in Dodging
 31132 | Elf:3    | Identified the ring of Surprise {rC+ rN+ EV+4 Int+8 Stlth+}
 31135 | Elf:3    | Identified the +8 chain mail of the Tuna {rCorr}
 31329 | Elf:3    | Got the Guide on Poison
 31781 | Elf:3    | Identified the +6 spear "Tifetil" {pain, rF- Int+5}
 32037 | Snake:1  | Entered Level 1 of the Snake Pit
 32241 | Snake:1  | Reached XP level 20. HP: 138/169 MP: 27/27
 32244 | Snake:1  | Identified the +5 lajatang of Gemukib {holy, rC+} (Okawaru
                  | gifted it to you on level 1 of the Snake Pit)
 32244 | Snake:1  | Received a gift from Okawaru
 33122 | Snake:2  | Identified the +3 pair of gloves of Okawaru's Generosity
                  | {rF+ rC+} (Okawaru gifted it to you on level 2 of the Snake
                  | Pit)
 33122 | Snake:2  | Received a gift from Okawaru
 33509 | Snake:3  | Noticed Agnes
 33522 | Snake:3  | Killed Agnes
 33705 | Snake:3  | Found Zusie's Armour Shop.
 33713 | Snake:3  | Found Ripul's Jewellery Shop.
 34238 | Snake:3  | Bought a +2 cloak of willpower for 451 gold pieces
 34267 | Snake:4  | Entered Level 4 of the Snake Pit
 34360 | Snake:4  | Reached skill level 15 in Armour
 34444 | Snake:4  | Noticed Asterion
 34460 | Snake:4  | Killed Asterion
 35151 | Snake:4  | Reached XP level 21. HP: 134/178 MP: 28/28
 35398 | Snake:4  | Identified the +3 halberd of Irksome Valiance {holy, Int+2
                  | Dex+6} (Okawaru gifted it to you on level 4 of the Snake
                  | Pit)
 35398 | Snake:4  | Received a gift from Okawaru
 35853 | Snake:4  | Got a serpentine rune of Zot
 36132 | Slime:1  | Entered Level 1 of the Pits of Slime
 36282 | Slime:5  | Entered Level 5 of the Pits of Slime
 36344 | Slime:5  | Gained mutation: You are weak. (Str -2) [a shining eye]
 36357 | Slime:5  | Received a gift from Okawaru
 36395 | Slime:5  | Paralysed by a floating eye for 2 turns
 36682 | Slime:5  | Noticed Dissolution
 36723 | Slime:4  | Killed Dissolution
 36975 | Slime:5  | Noticed the Royal Jelly
 36981 | Slime:5  | Gained mutation: You are clumsy. (Dex -2) [a shining eye]
 36983 | Slime:5  | Gained mutation: You are very weak. (Str -4) [a shining
                  | eye]
 36997 | Arena    | Entered the Arena
 36997 | Arena    | HP: 8/180 [the Royal Jelly (17)]
 36998 | Arena    | Slain by the Royal Jelly

Illustrated notes

Levels and vault maps discovered:
D:1:      eino_arrival_druids_welcome, layout_basic, nrook_campfire
D:2:      layout_loops_ring, wander_ebering_terrifying_dragon_lair, uniq_robin
D:3:      layout_loops_corners, mainiacjoe_overflow_six_doors_small,
          mainiacjoe_overflow_divided_tiny, elyvilon_altar_4, serial_shops,
          nicolae_shop_statue_plus, chequers_ecumenical_altar_island,
          minmay_gold_behind_fungi
D:4:      layout_cave_pools
D:5:      wad_woods_pond, layout_cave_pools, uniq_prince_ribbit1
D:6:      layout_cave_pools, grunt_gozag_breadcrumbs, serial_shops,
          nicolae_shop_behind_doors, grunt_decor_resistance, uniq_grinder
D:7:      layout_loops_ring, cheibrodos_ashenzari_chains,
          minmay_temple_entry_ruins, serial_glass, glass_columns_b,
          glass_columns_b, glass_columns_b, glass_columns_a, glass_columns_a,
          glass_columns_c, glass_columns_b, glass_columns_b,
          dreamdust_gnoll_shepherd, uniq_maggie
D:8:      layout_loops_ring
D:9:      layout_basic, dpeg_lair_monsters, dk_rats_in_the_wall, uniq_joseph
D:10:     layout_stronghold, mainiacjoe_overflow_24_doors, zombieorc2_lemuel
D:11:     cheibrodos_helix_gallery, layout_loops_ring
D:12:     layout_gridville, serial_shops, shop
D:13:     gammafunk_jiyva_shrine, layout_loops_ring, fedhas_ov_isle_minmay
D:14:     layout_basic, grunt_vaults_entry_tiered, hangedman_decor_riveting
D:15:     gammafunk_enter_depths_forms, layout_small_grid,
          nicolae_wu_jian_wuxing_cycle, serial_shops, shop,
          minmay_hollow_rounded_squares, uniq_rupert
Temple:   eino_wide_crystal_templ
Lair:1:   layout_cave_pods
Lair:2:   layout_chaotic_city, shoals_dummy_entry, grunt_megastairs_3
Lair:3:   layout_layer_cave, guppyfry_snake_entry_garden
Lair:4:   layout_cellular_growth, pond, serial_bayou_shore_b
Lair:5:   layout_layer_cave, forest_entry_grove, infiniplex_staircase_pool_2
Lair:6:   evilmike_catoblepas_cave, layout_regular_city,
          dpeg_slime_entry_corner, lemuel_oklob_altar
Shoals:1: layout_shoals, nicolae_shop_unique_rings, uniq_frances, uniq_aizul,
          uniq_louise
Shoals:2: layout_shoals, st_shoals_ruin
Shoals:3: cheibrodos_shoals_baths, layout_shoals, serial_shops, shop
Shoals:4: shoals_end_hellmonk_storm_palace [storm_palace_center_square,
          storm_palace_corner_pillars, storm_palace_corner_grid,
          storm_palace_corner_reverse_hut, storm_palace_corner_altar],
          serial_shops
Snake:1:  layout_rooms
Snake:2:  nicolae_sea_snake_s, layout_misc_corridors,
          nicolae_snake_coiling_death
Snake:3:  layout_cave_town, minmay_shop_star, uniq_agnes
Snake:4:  grunt_snake_rune_pools, layout_basic, drop_trap, serial_bayou_pond_b,
          nicolae_snake_salamander_fort, uniq_asterion
Slime:1:  layout_caves
Slime:2:  layout_caves, cheibrodos_slime_lost_civilization_7
Slime:3:  layout_caves
Slime:4:  layout_caves
Slime:5:  uniq_dissolution
Orc:1:    layout_caves, serial_shops, nicolae_square_shop
Orc:2:    st_orc_open, layout_caves, serial_shops,
          nicolae_shop_bloodbath_and_beyond
Elf:1:    layout_loops_corners, portal_ice_cave_entry_horrid_things,
          orc_legates, minmay_elf_annihilation
Elf:2:    elven_hall_of_blades_hangedman_alternative
          [nicolae_blade_entry_crossed_weapons], layout_gridlike,
          gammafunk_ghost_grave, hangedman_elf_power_crystal
Elf:3:    elf_hall_gauntlet_wide, layout_geoelf_octagon, serial_sigils,
          serial_sigils_hangedman_confine, serial_sigils_hangedman_snap,
          serial_sigils_hangedman_stare, serial_sigils_hangedman_shear,
          serial_sigils_hangedman_gnaw, drop_trap
Arena

Skill      XL: |  1  2  3  4  5  6  7  8  9 10 11 12 13 14 15 16 17 18 19 20 21 |
---------------+----------------------------------------------------------------+-----
Polearms       | 3 4 5 6 8 12 13 15 16 18 19 20 21 23 24 | 24.0
Throwing       | 1 2 3 6 7 8 10 12 13 15 16 | 16.0
Fighting       | 4 5 6 8 10 14 17 18 19 | 19.3
Armour         | 3 7 8 9 10 11 12 14 15 16 | 16.3
Invocations    | 1 4 6 7 8 10 | 10.0
Dodging        | 4 6 8 9 10 12 14 | 14.3
Evocations     | 3 6 7 9 |  9.0
Stealth        | 3 |  3.0
Shields        | |  3.0

Action                   |  1- 3 |  4- 6 |  7- 9 | 10-12 | 13-15 | 16-18 | 19-21 || total
-------------------------+-------+-------+-------+-------+-------+-------+-------++-------
Melee: Trident           |   103 |   169 |   278 |   164 |       |       |       ||   714
       Tailslap          |       |     1 |       |       |       |       |       ||     1
       Punch             |       |       |     2 |    12 |    12 |       |       ||    26
       Trishula          |       |       |       |   354 |   844 |    56 |       ||  1254
       Bardiche          |       |       |       |       |   242 |  1386 |  1238 ||  2866
 Fire: Hunting sling     |       |       |       |    12 |     5 |       |       ||    17
Throw: Stone             |     9 |     8 |    12 |    14 |    29 |       |       ||    72
       Dart              |       |     2 |     3 |     1 |     2 |       |       ||     8
       Javelin           |       |       |       |     3 |     4 |    31 |    26 ||    64
       Boomerang         |       |       |       |       |    11 |    37 |    69 ||   117
       Throwing net      |       |       |       |       |       |       |     1 ||     1
Invok: Heroism           |       |       |       |     4 |     4 |    11 |     4 ||    23
       Finesse           |       |       |       |     1 |     4 |     5 |     8 ||    18
       Duel              |       |       |       |       |       |     6 |     2 ||     8
Evoke: Wand              |       |       |     1 |     2 |     2 |     4 |       ||     9
       Condenser vane    |       |       |       |       |     1 |     1 |     2 ||     4
  Use: Potion            |       |     1 |     2 |     2 |     1 |     2 |     5 ||    13
       Scroll            |       |       |    14 |     3 |    11 |     2 |       ||    30
 Stab: Invisible         |       |       |     1 |       |       |       |       ||     1
       Distracted        |       |       |       |     1 |       |       |       ||     1
       Held in net/web   |       |       |       |       |       |       |     2 ||     2
Armor: Scale mail        |    24 |    49 |    46 |       |       |       |       ||   119
       Gold dragon scale |       |       |    80 |   268 |   159 |       |       ||   507
       Crystal plate arm |       |       |       |       |   496 |   984 |   793 ||  2273
Dodge: Dodged            |    17 |    46 |    50 |    73 |   295 |   378 |   344 ||  1203
Block: Buckler           |    32 |    23 |    15 |       |       |       |       ||    70

Table legend: (Time is in decaauts)
 A = Elapsed time spent in this place.
 B = Non-inter-level travel time spent in this place.
 C = Inter-level travel time spent in this place.
 D = Time resting spent in this place.
 E = Time spent auto-exploring this place.
 F = Levels seen in this place.
 G = Mean time per level.
                   A        B        C        D        E       F      G
               +--------+--------+--------+--------+--------+-----+--------+
         Total |  34757 |  32218 |   2539 |   2159 |  22339 |  49 |  709.3 |
       Dungeon |  12199 |  11343 |    856 |    285 |   8608 |  15 |  813.3 |
        Temple |     75 |     53 |     22 |      0 |     42 |   1 |   75.0 |
          Lair |   6405 |   5906 |    499 |    263 |   4775 |   6 | 1067.5 |
        Shoals |   3995 |   3644 |    351 |     20 |   2505 |   4 |  998.8 |
     Snake Pit |   3761 |   3486 |    275 |     39 |   2507 |   4 |  940.2 |
    Slime Pits |    774 |    773 |      1 |    428 |      0 |   5 |  154.8 |
  Orcish Mines |   1549 |   1394 |    155 |    162 |    842 |   2 |  774.5 |
   Elven Halls |   4932 |   4555 |    377 |    534 |   2865 |   3 | 1644.0 |
      Ice Cave |    898 |    898 |      0 |    346 |    179 |   1 |  898.0 |
         Arena |    166 |    166 |      0 |     81 |     14 |   8 |   20.8 |
               +--------+--------+--------+--------+--------+-----+--------+

Top non-repeatable levels by time:
   Elf:3: 1962 daAuts
   Elf:1: 1766 daAuts
 Snake:4: 1545 daAuts
  Lair:6: 1389 daAuts
Shoals:4: 1222 daAuts
  Lair:5: 1211 daAuts
   Elf:2: 1203 daAuts
Shoals:2: 1159 daAuts
    D:15: 1153 daAuts
  Lair:1: 1087 daAuts
  Lair:2: 1085 daAuts
     D:3: 1056 daAuts
    D:14: 1043 daAuts
    D:10: 1002 daAuts
 Snake:3: 972 daAuts
